 Dungeon Crawl Stone Soup version 0.30.1-3-gfc49f6343a (webtiles) character file.

Game seed: 679029356289344980

4560 spardeous the Destroyer (level 9, -9/62 HPs)
             Began as a Demigod Conjurer on Aug 7, 2023.
             Mangled by a death yak (21 damage)
             ... on level 8 of the Dungeon.
             The game lasted 00:14:37 (10433 turns).

spardeous the Destroyer (Demigod Conjurer)         Turns: 10433, Time: 00:14:37

Health: -9/62      AC: 18    Str: 12    XL:     9   Next: 98%
Magic:  0/16       EV:  9    Int: 34    God:
Gold:   504        SH:  0    Dex: 12    Spells: 7/14 levels left

rFire   . . .        u - +4 trident (venom)
rCold   + . .        (no shield)
rNeg    . . .        C - +5 scale mail of the Harvest {Fly Int+6}
rPois   +            v - +0 helmet
rElec   .            (no cloak)
rCorr   .            Q - +2 pair of gloves
SInv    .            R - +2 pair of boots
Will    .....        A - amulet of the acrobat Stlth
                     k - ring of poison resistance
HPRegen 0.30/turn    y - ring of protection from cold
MPRegen 0.15/turn

%: acrobat
@: flying, slowed, very slow
A: high MP 1, forlorn, divine attributes
a: no special abilities


You were on level 8 of the Dungeon.
You visited 1 branch of the dungeon, and saw 8 of its levels.
You also visited: Sewer.

You collected 564 gold pieces.
You spent 60 gold pieces at shops.

Inventory:

Hand Weapons
 u - a +4 trident of venom (weapon)
Missiles
 l - 23 poisoned darts (quivered)
 t - a throwing net
Armour
 a - a +0 robe
 o - a +2 ring mail of fire resistance
 v - a +0 helmet (worn)
 C - the +5 scale mail of the Harvest (worn) {Fly Int+6}
   (You found it on level 4 of the Dungeon)

   Int:       It affects your intelligence (+6).
   Fly:       It grants you flight.
 G - the +1 robe of the Dull Hot Ocelot {rElec rCorr Str+2 Int-3}
   (You found it on level 6 of the Dungeon)

   Str:       It affects your strength (+2).
   Int:       It affects your intelligence (-3).
   rElec:     It insulates you from electricity.
   rCorr:     It protects you from acid and corrosion.
 H - a +0 pair of gloves
 L - a +0 pair of boots
 Q - a +2 pair of gloves (worn)
 R - a +2 pair of boots (worn)
Jewellery
 k - a ring of poison resistance (left hand)
 y - a ring of protection from cold (right hand)
 A - an amulet of the acrobat (around neck)
 D - a ring of positive energy
 I - a ring of see invisible
Wands
 M - a wand of digging (4)
Scrolls
 c - 4 scrolls of enchant weapon
 e - a scroll of brand weapon
 f - 2 scrolls of noise
 j - a scroll of fear
 m - 3 scrolls of vulnerability {unknown}
 n - 3 scrolls of amnesia {unknown}
 p - a scroll of blinking
 q - a scroll of fog
 r - 2 scrolls of poison
 s - 2 scrolls of teleportation
 x - 2 scrolls of magic mapping
 F - a scroll of summoning {unknown}
 P - 3 scrolls of identify
 S - a scroll of immolation {unknown}
Potions
 b - a potion of magic
 d - 2 potions of berserk rage
 g - a potion of heal wounds {unknown}
 h - 2 potions of might {unknown}
 i - 8 potions of curing
 w - 5 potions of ambrosia {unknown}
 z - 2 potions of cancellation {unknown}
 B - 3 potions of invisibility
 E - a potion of brilliance
 J - a potion of resistance
 K - 2 potions of haste
 N - a potion of degeneration {unknown}
 O - a potion of attraction {unknown}


   Skills:
 - Level 1.7 Dodging
 - Level 1.7 Stealth
 - Level 3.0 Spellcasting
 - Level 11.0 Conjurations
 + Level 8.4 Translocations


You had 7 spell levels left.
You knew the following spells:

 Your Spells              Type           Power      Damage    Failure   Level
a - Magic Dart            Conj           100%       1d8       1%          1
b - Searing Ray           Conj           100%       2d8       1%          2
c - Iskenderun's Mystic   Conj/Tloc      64%        2d13      5%          4

Your spell library contained the following spells:

 Spells                   Type           Power      Damage    Failure   Level
 Dazzling Flash           Conj/Hex       84%        N/A       10%         3
 Passage of Golubria      Tloc           58%        N/A       10%         4
 Slow                     Hex            20%        N/A       30%         1
 Fulminant Prism          Conj/Hex       21%        3d12      30%         4
 Confusing Touch          Hex            5%         N/A       65%         3
 Tukima's Dance           Hex            5%         N/A       65%         3
 Vampiric Draining        Necr           5%         2d6       65%         3
 Yara's Violent Unravell  Hex/Tmut       2%         3d3       100%        5


Dungeon Overview and Level Annotations

Branches:
Dungeon (8/15)             Temple (0/1) D:4            Lair (0/5) D:8
  Sewer (visited)

Shops:
D:2 [:?   D:8 :

Annotations:
D:8 Gastronok


Innate Abilities, Weirdness & Mutations

You have an increased reservoir of magic. (+10% MP)
You shall have no god before yourself.
Your divine heritage dramatically boosts your attributes as you level up.


Message History

The death yak is moderately wounded.
The death yak gores you.
* * * LOW HITPOINT WARNING * * *
You take 4 damage, and have 26/62 hp.
You now have 7/16 mp.
The death yak closely misses you.
Casting: Iskenderun's Mystic Blast (dangerous; 5% risk of failure)
Confirm with . or Enter, or press ? or * to list all spells.
You erupt in a blast of force!
The mystic blast hits the death yak!
The death yak is lightly wounded.
The death yak is knocked back by the mystic blast.
The death yak slams into the rock wall!
The death yak is lightly wounded.
The mystic blast hits the death yak!
The death yak is heavily wounded.
The death yak is knocked back by the mystic blast.
The mystic blast hits the death yak.
The death yak is moderately wounded.
The death yak is knocked back by the mystic blast.
The death yak collides with the death yak!
The death yak is lightly wounded.
The death yak gores you but does no damage.
You now have 3/16 mp.
Unknown command.
Unknown command.
Unknown command.
The death yak attacks as you move away! The death yak gores you!
* * * LOW HITPOINT WARNING * * *
The death yak closely misses you.
You take 17 damage, and have 11/62 hp.
MASSIVE DAMAGE!!
Casting: Iskenderun's Mystic Blast (dangerous; 5% risk of failure)
Confirm with . or Enter, or press ? or * to list all spells.
You erupt in a blast of force!
The mystic blast hits the death yak!
The death yak is moderately wounded.
The death yak is knocked back by the mystic blast.
The death yak collides with the death yak!
The death yak is moderately wounded. x2
The mystic blast hits the death yak but does no damage.
The death yak is moderately wounded.
The death yak gores you!!
You die...

#######
#@YYY.## ##
#(. #####..##
.##... ##).##
......
##..###......
#...........
#.#.........
...#.w.......
#+####........
#.......#


You could see 3 death yaks.

Vanquished Creatures
  A two-headed ogre (D:7)
  A komodo dragon (D:8)
  Grinder (D:4)
  Prince Ribbit (D:7)
  4 yaks (D:8)
  A steam dragon (D:6)
  A water moccasin (D:5)
  3 orc warriors
  An ice beast (D:7)
  2 black bears
  A centaur (D:7)
  4 phantoms (D:4)
  A kobold brigand (D:7)
  Blork the orc (D:5)
  3 bullfrogs
  3 scorpions
  3 wights
  A water moccasin skeleton (D:4)
  3 hounds
  A centaur skeleton (D:4)
  2 gnoll boudas
  A jelly (D:8)
  5 orc priests
  A sleepcap (D:6)
  2 iguanas
  A scorpion zombie (D:4)
  3 orc wizards
  2 hound zombies (D:4)
  2 hound skeletons (D:4)
  Robin (D:4)
  10 gnolls
  7 adders
  A white imp (D:7)
  An ufetubus (D:7)
  An adder zombie (D:4)
  2 adder skeletons (D:4)
  3 worms
  A dart slug (D:3)
  25 orcs
  4 endoplasms
  10 giant cockroaches
  10 goblins
  8 hobgoblins
  8 jackals
  9 quokkas
  12 ball pythons
  5 bats
  10 frilled lizards
  14 kobolds
  16 rats
214 creatures vanquished.

Notes
Turn   | Place    | Note
-------+----------+-------------------------------------------
     0 | D:1      | spardeous the Demigod Conjurer began the quest for the Orb.
     0 | D:1      | Reached XP level 1. HP: 14/14 MP: 5/5
   368 | D:1      | Reached XP level 2. HP: 20/20 MP: 1/7
   556 | D:1      | Reached skill level 4 in Conjurations
   986 | D:2      | Found Getwi's Book Emporium.
  1209 | D:2      | Found Uddas's Magic Scroll Shop.
  1223 | D:2      | Bought a scroll of identify for 20 gold pieces
  1223 | D:2      | Bought a scroll of identify for 20 gold pieces
  1223 | D:2      | Bought a scroll of identify for 20 gold pieces
  1255 | D:2      | Found Xaosteapro's Armour Shoppe.
  1407 | D:2      | Reached XP level 3. HP: 26/26 MP: 7/9
  1570 | D:2      | Learned a level 2 spell: Searing Ray
  1978 | D:3      | Found a glowing drain.
  1982 | Sewer    | Entered a sewer
  2241 | Sewer    | Reached XP level 4. HP: 33/33 MP: 6/11
  2533 | Sewer    | Noticed a bullfrog
  2533 | Sewer    | Noticed a bullfrog
  2537 | Sewer    | Killed a bullfrog
  2538 | Sewer    | Reached skill level 5 in Conjurations
  2540 | Sewer    | Killed a bullfrog
  2541 | Sewer    | Reached XP level 5. HP: 28/38 MP: 2/12
  3804 | D:4      | Noticed a black bear
  3810 | D:4      | Reached skill level 6 in Conjurations
  3816 | D:4      | Killed a black bear
  3817 | D:4      | Reached XP level 6. HP: 45/45 MP: 2/13
  3822 | D:4      | Learned a level 4 spell: Iskenderun's Mystic Blast
  3976 | D:4      | Noticed Robin
  3999 | D:4      | Killed Robin
  4096 | D:4      | Noticed Grinder
  4110 | D:4      | Paralysed by Grinder for 5 turns
  4140 | D:4      | Paralysed by Grinder for 5 turns
  4147 | D:4      | Killed Grinder
  4148 | D:4      | Reached skill level 7 in Conjurations
  4298 | D:4      | Reached XP level 7. HP: 47/50 MP: 9/14
  4475 | D:4      | Reached skill level 8 in Conjurations
  4783 | D:4      | Identified the +5 scale mail of the Harvest {Fly Int+6}
  5097 | D:4      | Reached skill level 9 in Conjurations
  5265 | D:4      | Found a staircase to the Ecumenical Temple.
  5697 | D:5      | Entered Level 5 of the Dungeon
  5786 | D:5      | Reached XP level 8. HP: 57/57 MP: 7/15
  6109 | D:5      | Reached skill level 10 in Conjurations
  6574 | D:5      | Noticed Blork the orc
  6584 | D:5      | Killed Blork the orc
  7102 | D:6      | Identified the +1 robe of the Dull Hot Ocelot {rElec rCorr
                  | Str+2 Int-3}
  7253 | D:6      | Reached skill level 11 in Conjurations
  7551 | D:6      | Reached skill level 1 in Translocations
  8156 | D:7      | Noticed a two-headed ogre
  8305 | D:7      | Noticed Prince Ribbit
  8311 | D:7      | Killed Prince Ribbit
  8312 | D:7      | Reached XP level 9. HP: 44/62 MP: 7/16
  9097 | D:7      | Reached skill level 5 in Translocations
  9438 | D:7      | Killed a two-headed ogre
 10321 | D:8      | Found Muwo's Book Boutique.
 10337 | D:8      | Noticed a komodo dragon
 10382 | D:8      | Noticed Gastronok
 10385 | D:8      | Killed a komodo dragon
 10398 | D:8      | Found a staircase to the Lair.
 10400 | D:8      | Noticed a death yak
 10400 | D:8      | Noticed a death yak
 10413 | D:8      | Noticed a death yak
 10433 | D:8      | Mangled by a death yak

Illustrated notes

Levels and vault maps discovered:
D:1:      ldierk_walled_garden, layout_rooms
D:2:      layout_rooms, serial_shops, nicolae_shop_tiny_glass, shop,
          nicolae_shop_behind_doors
D:3:      layout_loops_ring, general_overflow_altar, grunt_temple_overflow_open,
          gup_sewer_entry_spiral
D:4:      layout_basic, minmay_temple_entry_fiery, serial_undead,
          serial_undead_a, serial_undead_b, serial_undead_f, serial_undead_e,
          serial_undead_b, serial_undead_c, st_stairs_3, uniq_robin,
          uniq_grinder
D:5:      layout_cave_pods, mainiacjoe_overflow_surrounded_room,
          eino_tiny_chamber, uniq_blork_the_orc
D:6:      layout_rooms, lemuel_crystal_altar,
          mainiacjoe_overflow_six_doors_small, kennysheep_little_box,
          nrook_campfire
D:7:      layout_loops_ring, mainiacjoe_overflow_tiny_flanked,
          chequers_temple_overflow_statue_of_worship, kennysheep_small_circle,
          uniq_prince_ribbit1
D:8:      layout_layer_cave, lemuel_doored_altar, dpeg_lair_monsters,
          serial_shops, shop_coins, kennysheep_decorative_pillar,
          nrook_pool_corridor, uniq_gastronok

Skill      XL: |  1  2  3  4  5  6  7  8  9 |
---------------+----------------------------+-----
Spellcasting   | 2 3 |  3.0
Conjurations   | 4 5 6 7 9 11 | 11.0
Translocations | 3 8 |  8.4
Dodging        | |  1.7
Stealth        | |  1.7

Action                     |  1- 3 |  4- 6 |  7- 9 || total
---------------------------+-------+-------+-------++-------
  Melee: Unarmed           |    10 |       |       ||    10
         Trident           |       |       |    14 ||    14
         Punch             |       |       |     1 ||     1
   Cast: Magic Dart        |   119 |    71 |   112 ||   302
         Searing Ray       |     7 |     9 |    67 ||    83
         Iskenderun's Myst |       |       |    27 ||    27
    Use: Scroll            |     5 |       |     8 ||    13
 Armour: Robe              |     7 |       |       ||     7
         Ring mail         |       |     2 |    16 ||    18
         Scale mail        |       |       |    43 ||    43
  Dodge: Dodged            |    20 |     8 |   116 ||   144
